 Dungeon Crawl Stone Soup version 0.31-a0-1589-g8f5e8aebd6 (webtiles) character file.

Game seed: 14843024674031747043

645 quinnr the Destroyer (level 7, -2/40 HPs)
             Began as a Tengu Air Elementalist on Jan 5, 2024.
             Slain by an ice beast (7 damage)
             ... on level 4 of the Dungeon.
             The game lasted 00:06:11 (4631 turns).

quinnr the Destroyer (Tengu Air Elementalist)       Turns: 4631, Time: 00:06:12

Health: -2/40      AC:  2    Str:  8    XL:     7   Next: 52%
Magic:  19/20      EV: 16    Int: 18    God:
Gold:   175        SH:  0    Dex: 14    Spells: 4/10 levels left

rFire   . . .        h - +0 whip (venom)
rCold   . . .        (no shield)
rNeg    . . .        a - +0 robe
rPois   .            (helmet restricted)
rElec   .            (no cloak)
rCorr   .            (no gloves)
SInv    .            (boots unavailable)
Will    .....        (no amulet)
Stlth   ++           M - ring of magical power
HPRegen 0.26/turn    (no ring)
MPRegen 0.17/turn

%: acrobat
@: flying, hasted, very quick
A: beak, talons 3, evasive flight, acrobatic
a: no special abilities


You were on level 4 of the Dungeon.
You visited 1 branch of the dungeon, and saw 5 of its levels.

You collected 175 gold pieces.


Innate Abilities, Weirdness & Mutations

You have a beak for a mouth.
You have claws for feet.
Your magical flight helps you evade attacks. (EV +4)
You can magically evade attacks while moving or waiting.


   Skills:
 + Level 2.0 Fighting
 - Level 2.1 Dodging
 - Level 2.0 Stealth
 - Level 2.0 Spellcasting
 - Level 9.0 Conjurations
 - Level 6.0 Air Magic


You had 4 spell levels left.
You knew the following spells:

 Your Spells              Type           Power      Damage    Failure   Level
i - Swiftness             Air            23%        N/A       4%          3
t - Static Discharge      Conj/Air       56%        3-6/arc   1%          2
z - Shock                 Conj/Air       100%       1d9       1%          1

Your spell library contained the following spells:

 Spells                   Type           Power      Damage    Failure   Level
 Cigotuvi's Dreadful Rot  Necr/Alch/Air  18%        N/A       12%         2
 Airstrike                Air            11%        2d(2-18)  16%         4
 Ignite Poison            Fire/Alch      1%         N/A       87%         4
 Freezing Cloud           Conj/Ice/Air   9%         6-21      54%         5

Inventory:

Hand Weapons
 h - a +0 whip of venom (weapon)
Missiles
 f - 6 poisoned darts
 k - 2 javelins
Armour
 a - a +0 robe (worn)
Jewellery
 c - an amulet of faith {!P}
 M - a ring of magical power (left hand)
Scrolls
 j - a scroll of immolation
 l - a scroll of amnesia {unknown}
 n - a scroll of fear {unknown}
 o - a scroll of teleportation {unknown}
Potions
 b - a potion of magic
 g - 2 potions of lignification
 i - a potion of mutation
 m - a potion of degeneration {unknown}
 p - a potion of enlightenment {unknown}

Dungeon Overview and Level Annotations

Branches:
Dungeon (5/15)
 Temple: D:4-7

Altars:

Shops:
D:1 :

Annotations:
D:5 1 runed translucent door, math4jedi's ghost, novice MiBe

#.#.......#####
#...##....#...
.....#..<....#.## #
.....#.#.###....####...
.....................#
##+###.#######...#####
#......รท..$...#
##########.Y#.# #....@#
# .....#..# .##..#..#
#.. #..# #. #..# #.
#..# ...# ....


You could see an ice beast.


Message History

The ice beast hits you.
* * * LOW HITPOINT WARNING * * *
The ice beast freezes you!
* * * LOW HITPOINT WARNING * * *
You are too injured to fight recklessly!
You are too injured to fight recklessly!
Unknown command.
Unknown command.
The ice beast attacks as it pursues you!
The ice beast closely misses you.
The ice beast attacks as it pursues you!
The ice beast completely misses you.
The ice beast attacks as it pursues you!
The ice beast completely misses you.
There is a stone staircase leading up here.
The ice beast barely misses you.
You fly upwards.
There is a stone staircase leading down here.
Okay, then.
The ice beast attacks as it pursues you!
The ice beast hits you.
* * * LOW HITPOINT WARNING * * *
The ice beast freezes you.
* * * LOW HITPOINT WARNING * * *
You feel better. The ice beast closely misses you.
Okay, then.
You feel yourself speed up. The ice beast hits you.
* * * LOW HITPOINT WARNING * * *
The ice beast freezes you!
You die...

Skill      XL: |  1  2  3  4  5  6  7 |
---------------+----------------------+-----
Conjurations   | 2 3 5 6 8 9 |  9.0
Air Magic      | 5 6 |  6.0
Fighting       | 2 |  2.0
Dodging        | |  2.1
Stealth        | |  2.0
Spellcasting   | |  2.0

Action                     |  1- 3 |  4- 6 |  7- 9 || total
---------------------------+-------+-------+-------++-------
   Cast: Shock             |    74 |   125 |    32 ||   231
         Static Discharge  |       |     9 |       ||     9
    Use: Scroll            |       |     4 |     1 ||     5
         Potion            |       |       |     2 ||     2
 Armour: Robe              |     4 |    17 |     7 ||    28
  Dodge: Dodged            |    12 |    12 |     6 ||    30

Levels and vault maps discovered:
D:1:      lemuel_arrival_river_bridge, layout_loops_corners, serial_shops,
          nicolae_shop_getting_attention, minmay_misc_feat_hallway
D:2:      layout_loops_ring, hellmonk_ecumenical_altar_crossroads
D:3:      layout_basic
D:4:      layout_basic, mainiacjoe_overflow_alcove_2,
          kennysheep_generic_room_13, uniq_edmund
D:5:      layout_rooms, ebering_ghost_inner_flame,
          ebering_dispersal_statue_hall, minmay_mini_ossuary

Notes
Turn   | Place    | Note
-------+----------+-------------------------------------------
     0 | D:1      | quinnr the Tengu Air Elementalist began the quest for the
                  | Orb.
     0 | D:1      | Reached XP level 1. HP: 10/10 MP: 4/4
    53 | D:1      | Reached skill level 2 in Conjurations
   147 | D:1      | Reached XP level 2. HP: 15/15 MP: 3/6
   301 | D:1      | Reached skill level 3 in Conjurations
   584 | D:1      | Reached XP level 3. HP: 19/19 MP: 4/7
   616 | D:1      | Found Mulae's Book Shoppe.
   686 | D:1      | Reached skill level 4 in Conjurations
  1482 | D:2      | Found a faded altar of an unknown god.
  1485 | D:2      | Reached skill level 5 in Conjurations
  1485 | D:2      | Reached XP level 4. HP: 24/24 MP: 5/8
  1538 | D:2      | Learned a level 2 spell: Static Discharge
  1542 | D:2      | Learned a level 3 spell: Swiftness
  2356 | D:3      | Reached XP level 5. HP: 16/28 MP: 7/9
  2537 | D:3      | Reached skill level 6 in Conjurations
  3414 | D:3      | Reached skill level 5 in Air Magic
  3723 | D:4      | Reached XP level 6. HP: 32/32 MP: 10/10
  3803 | D:4      | Reached skill level 7 in Conjurations
  3967 | D:5      | Entered Level 5 of the Dungeon
  4107 | D:5      | Reached skill level 8 in Conjurations
  4189 | D:5      | Reached skill level 6 in Air Magic
  4189 | D:5      | Gained mutation: Your magical flight helps you evade
                  | attacks. (EV +4) [Tengu growth]
  4189 | D:5      | Reached XP level 7. HP: 36/36 MP: 11/11
  4295 | D:5      | Reached skill level 9 in Conjurations
  4341 | D:5      | Found a runed translucent door.
  4342 | D:5      | Noticed math4jedi's ghost (novice MiBe)
  4419 | D:5      | Reached skill level 1 in Fighting
  4557 | D:5      | Reached skill level 2 in Fighting
  4629 | D:4      | HP: 1/40 [ice beast (5)]
  4631 | D:4      | Slain by an ice beast

Vanquished Creatures
  An ogre (D:5)
  3 scorpions
  A howler monkey (D:4)
  An orc priest (D:3)
  2 bombardier beetles (D:5)
  2 jellies (D:5)
  An iguana (D:4)
  A mummy (D:5)
  5 adders
  4 dart slugs (D:1)
  2 ribbon worms
  4 orcs
  4 ball pythons
  7 endoplasms
  3 giant cockroaches
  4 goblins
  8 hobgoblins
  8 jackals
  7 kobolds
  4 quokkas
  7 bats
  3 frilled lizards
  2 hobgoblin zombies (D:5)
  2 orc zombies (D:5)
  7 rats
93 creatures vanquished.

Table legend: (Time is in decaauts)
 A = Elapsed time spent in this place.
 B = Non-inter-level travel time spent in this place.
 C = Inter-level travel time spent in this place.
 D = Time resting spent in this place.
 E = Time spent auto-exploring this place.
 F = Levels seen in this place.
 G = Mean time per level.
                   A        B        C        D        E       F      G
               +--------+--------+--------+--------+--------+-----+--------+
         Total |   4632 |   4345 |    287 |     84 |   3731 |   5 |  926.4 |
       Dungeon |   4632 |   4345 |    287 |     84 |   3731 |   5 |  926.4 |
               +--------+--------+--------+--------+--------+-----+--------+

Top non-repeatable levels by time:
     D:1: 1682 daAuts
     D:2: 1110 daAuts
     D:3: 915 daAuts
     D:5: 660 daAuts
     D:4: 263 daAuts

Table legend:
 A = Non-vault XP
 B = Vault XP
 C = Vault XP percentage of total XP
 D = Non-vault monster count
 E = Vault monster count
 F = Vault count percentage of total count
                 A         B        C        D         E       F
            +---------+---------+-------+---------+---------+-------
      Total |     898 |      24 |   2.6 |      87 |       6 |   6.5
            +---------+---------+-------+---------+---------+-------
        D:1 |      72 |       0 |   0.0 |      38 |       0 |   0.0
        D:2 |      49 |       0 |   0.0 |      16 |       0 |   0.0
        D:3 |     171 |       0 |   0.0 |      17 |       0 |   0.0
        D:4 |      98 |       2 |   2.0 |       5 |       1 |  16.7
        D:5 |     508 |      22 |   4.2 |      11 |       5 |  31.2
            +---------+---------+-------+---------+---------+-------

Levels and vault maps discovered:
D:1:      lemuel_arrival_river_bridge, layout_loops_corners, serial_shops,
          nicolae_shop_getting_attention, minmay_misc_feat_hallway
D:2:      layout_loops_ring, hellmonk_ecumenical_altar_crossroads
D:3:      layout_basic
D:4:      layout_basic, mainiacjoe_overflow_alcove_2,
          kennysheep_generic_room_13, uniq_edmund
D:5:      layout_rooms, ebering_ghost_inner_flame,
          ebering_dispersal_statue_hall, minmay_mini_ossuary
